 Dungeon Crawl Stone Soup version 0.20-a0-1086-g4bd2f5b (webtiles) character file.

53347 FastMan the Severer (level 14, -7/135 HPs)
             Began as a Minotaur Berserker on May 1, 2017.
             Was a High Priest of Trog.
             Mangled by a deep troll (17 damage)
             ... summoned by the player character
             ... on level 1 of the Swamp.
             The game lasted 00:13:45 (13240 turns).

FastMan the Severer (Minotaur Berserker)           Turns: 13240, Time: 00:13:46

Health: -7/135     AC: 18    Str: 24    XL:     14   Next: 30%
Magic:  13/13      EV:  5    Int:  9    God:    Trog [*****.]
Gold:   993        SH:  0    Dex: 13    Spells: 13/13 levels left

rFire    . . .     SeeInvis .   D - +1 war axe (elec)
rCold    . . .     Gourm    .   r - +1 large shield
rNeg     . . .     Faith    +   A - +0 plate armour
rPois    .         Spirit   .   (helmet restricted)
rElec    .         Reflect  .   n - +0 cloak
rCorr    .         Harm     .   j - +2 pair of gloves
MR       +++..                  C - +0 pair of boots
Stlth    ..........             J - amulet of faith
Regen    1.4/turn               L - +5 ring of intelligence
MPRegen  0.2/turn               E - +2 ring of protection

@: confused, regenerating
A: retaliatory headbutt, horns 2
a: Berserk, Trog's Hand, Brothers in Arms, Burn Spellbooks, Renounce Religion


You were on level 1 of the Swamp.
You worshipped Trog.
Trog was extremely pleased with you.
You were not hungry.

You visited 3 branches of the dungeon, and saw 18 of its levels.

You collected 1083 gold pieces.
You spent 90 gold pieces at shops.

Inventory:

Hand Weapons
 D - a +1 war axe of electrocution (weapon)
Armour
 j - a +2 pair of gloves (worn)
 n - a +0 cloak (worn)
 r - a +1 large shield (worn)
 A - a +0 plate armour (worn)
 C - a +0 pair of boots (worn)
Jewellery
 x - a +3 amulet of reflection
 E - a +2 ring of protection (right hand)
 J - an amulet of faith (around neck)
 L - a +5 ring of intelligence (left hand)
Scrolls
 b - 4 scrolls of enchant weapon
 d - 14 scrolls of remove curse {@r2}
 e - 8 scrolls of teleportation {@r3}
 o - a scroll of holy word
 q - a scroll of vulnerability
 s - a scroll of immolation
 t - 3 scrolls of fog
 K - 7 scrolls of identify {@r1}
 M - 2 scrolls of magic mapping
 N - a scroll of fear
Potions
 g - 5 potions of curing {@q1}
 h - 3 potions of cancellation
 i - a potion of heal wounds {@q2}
 l - 3 potions of mutation
 m - 2 potions of flight
 u - 3 potions of brilliance {@q6}
 v - a potion of invisibility
 w - 2 potions of berserk rage
 B - a potion of ambrosia
 F - 2 potions of resistance
 G - a potion of agility {@q5}
 H - a potion of might {@q4}
Comestibles
 a - 4 fruits {@e4}
 c - 7 bread rations {@e1}
 k - 8 meat rations {@e2}
 p - 12 royal jellies {@e3}


   Skills:
 + Level 15.0 Fighting
 * Level 20.1 Axes
 - Level 2.4 Armour
 - Level 2.1 Dodging
 + Level 14.0 Shields


You had 13 spell levels left.
You didn't know any spells.

Dungeon Overview and Level Annotations

Branches:
Dungeon (11/15)            Temple (0/1) D:6            Lair (6/6) D:9
  Swamp (1/4) Lair:2       Spider (0/4) Lair:2        Slime (0/5) Lair:5
    Orc (0/2) D:10

Altars:
Dithmenos
Elyvilon
Fedhas
Gozag
Makhleb
Nemelex Xobeh
Okawaru
Sif Muna
Trog
Uskayaw
Wu Jian
Xom
Yredelemnul
Jiyva

Shops:
D:5 *   D:8 *

Portals:
Sewer: D:3

Annotations:
Swamp:1 Maxmaps's ghost, adept DsGl


Innate Abilities, Weirdness & Mutations

You reflexively headbutt those who attack you in melee.
You have a pair of horns on your head.


Message History

Unknown command.
Unknown command.
Unknown command.
Are you sure you want to stumble around while confused and next to your deep troll? [Y]es or [N]o only, please.
Are you sure you want to stumble around while confused and next to your deep troll?
Okay, then.
You feel better.
You are engulfed in noxious fumes.
You choke on the stench!
You are confused.
Your deep troll is engulfed in noxious fumes.
Your deep troll bites you!!
Your deep troll claws you!
* * * LOW HITPOINT WARNING * * *
Your deep troll claws you!
* * * LOW HITPOINT WARNING * * *
Your deep troll is engulfed in noxious fumes.
Your deep troll appears confused.
Your deep troll bites you!
* * * LOW HITPOINT WARNING * * *
Your deep troll claws you!
You die...

♣... ..≈ ♣♣♣.≈≈.
≈≈ ≈♣..≈≈. ≈≈
.....♣♣ ♣♣.
......≈ ♣♣..#####
..§.≈≈≈
♣...#...##k§≈≈.≈♣
##....§@W§§≈≈.≈
#...#.TT#w§≈≈≈$
+..###..# .≈≈≈.
#...#.).# ....
##.....## ..≈
##)..## .. #####
.


You could see a tyrant leech, a swamp drake, Maxmaps's ghost and 2 friendly deep
trolls.

Vanquished Creatures
  Nessos (Lair:4)
  A dire elephant (Lair:6)
  The ghost of CodeRen the Thrower, a journeyman KoBe of Trog (Lair:3)
  Harold (Lair:4)
  Fannar (Lair:1)
  3 hydras
  A merfolk avatar (Lair:6)
  A centaur warrior (D:10)
  2 two-headed ogres (D:8)
  5 death yaks (Lair:4)
  Nergalle (Lair:4)
  A sea snake (Lair:6)
  A harpy (Lair:6)
  A swamp dragon (Lair:2)
  2 ugly things (D:11)
  A manticore (Lair:6)
  4 black mambas
  2 centaur zombies
  13 elephants
  16 spiny frogs
  13 komodo dragons
  A kobold demonologist (D:8)
  5 rime drakes
  3 trolls
  5 polar bears
  A hornet (Lair:6)
  15 blink frogs
  9 hippogriffs
  Sigmund (D:6)
  Eustachio (D:6)
  A wyvern (Lair:6)
  A human (D:7)
  3 hogs (D:7)
  32 yaks
  7 basilisks
  A steam dragon (D:10)
  Menkaure (D:7)
  Edmund (D:6)
  9 water moccasins
  Duvessa (D:6)
  10 porcupines
  An ice beast (D:11)
  2 swamp drakes (Swamp:1)
  3 black bears
  A sky beast (D:10)
  3 orc warriors
  A phantom (D:4)
  3 ogres
  An eye of draining (D:10)
  22 wolves
  A necrophage (D:9)
  5 centaurs
  9 crocodiles
  15 big kobolds
  17 bullfrogs
  A water moccasin zombie (D:7)
  2 wyvern skeletons (D:10)
  2 scorpions
  Dowan (D:6)
  4 killer bees (D:9)
  4 wights (D:11)
  An electric eel (Lair:3)
  2 bullfrog zombies
  A quasit (D:6)
  3 jellies
  3 crimson imps
  5 hounds
  A bullfrog skeleton (D:8)
  4 orc priests
  A centaur skeleton (D:10)
  6 orc wizards
  Jessica (D:2)
  Ijyb (D:5)
  5 iguanas
  4 worker ants
  A hound skeleton (D:9)
  A worker ant zombie (D:5)
  4 gnolls (D:7)
  7 adders
  A river rat (D:3)
  A shadow imp (D:11)
  3 oozes
  2 worms (D:3)
  2 dart slugs
  3 leopard geckos
  40 orcs
  2 bats
  A giant cockroach (D:2)
  8 goblins
  4 hobgoblins
  4 jackals (D:1)
  3 quokkas
  A ball python (D:2)
  4 frilled lizards
  16 kobolds
  A leopard gecko skeleton (D:5)
  2 quokka skeletons
  5 rats
  9 fungi
  5 plants
446 creatures vanquished.

Vanquished Creatures (others)
  6 fungi
  2 plants
8 creatures vanquished.

Grand Total: 454 creatures vanquished

Notes
Turn   | Place    | Note
-------+----------+-------------------------------------------
     0 | D:1      | FastMan the Minotaur Berserker began the quest for the Orb.
     0 | D:1      | Reached XP level 1. HP: 19/19 MP: 0/0
    39 | D:1      | Reached skill level 4 in Axes
    39 | D:1      | Reached XP level 2. HP: 24/27 MP: 1/1
   265 | D:1      | Reached XP level 3. HP: 32/33 MP: 2/2
   340 | D:1      | Reached ** piety under Trog
   576 | D:2      | Found a basalt altar of Yredelemnul.
   720 | D:2      | Reached skill level 5 in Axes
   822 | D:2      | Noticed Jessica
   827 | D:2      | Killed Jessica
   827 | D:2      | Reached XP level 4. HP: 41/41 MP: 3/3
   925 | D:2      | Found an opulent altar of Gozag.
  1092 | D:3      | Found a deep blue altar of Sif Muna.
  1149 | D:3      | Found a shadowy altar of Dithmenos.
  1298 | D:3      | Found a hide-covered altar of Uskayaw.
  1313 | D:3      | Found a glowing drain.
  1442 | D:3      | Reached skill level 6 in Axes
  1494 | D:3      | Reached skill level 5 in Fighting
  1494 | D:3      | Reached XP level 5. HP: 48/48 MP: 4/4
  1498 | D:3      | Reached *** piety under Trog
  1549 | D:4      | Found a sand-covered staircase.
  1674 | D:4      | Noticed a phantom
  1694 | D:4      | Killed a phantom
  1694 | D:4      | Reached skill level 7 in Axes
  1694 | D:4      | Reached XP level 6. HP: 46/56 MP: 5/5
  1868 | D:4      | Found a burning altar of Makhleb.
  1869 | D:4      | Found a shimmering altar of Xom.
  2153 | D:4      | Found a blossoming altar of Fedhas.
  2369 | D:5      | Entered Level 5 of the Dungeon
  2398 | D:5      | Found Annu's Assorted Antiques.
  2415 | D:5      | Reached skill level 1 in Shields
  2423 | D:5      | Reached XP level 7. HP: 57/63 MP: 6/6
  2429 | D:5      | Bought a scroll labeled CAPNAWN APHYI for 27 gold pieces
  2620 | D:5      | Reached skill level 8 in Axes
  2653 | D:5      | Noticed Ijyb
  2661 | D:5      | Killed Ijyb
  2882 | D:5      | Found a sparkling altar of Nemelex Xobeh.
  3267 | D:5      | Reached skill level 9 in Axes
  3412 | D:6      | Noticed Eustachio
  3433 | D:6      | Killed Eustachio
  3433 | D:6      | Reached XP level 8. HP: 73/73 MP: 7/7
  3439 | D:6      | Reached **** piety under Trog
  3517 | D:6      | Noticed Edmund
  3534 | D:6      | Killed Edmund
  3536 | D:6      | Noticed Duvessa
  3539 | D:6      | Noticed Dowan
  3548 | D:6      | Killed Dowan
  3556 | D:6      | Killed Duvessa
  3556 | D:6      | Reached skill level 10 in Axes
  3798 | D:6      | Found a staircase to the Ecumenical Temple.
  3875 | D:6      | Noticed Sigmund
  3901 | D:6      | Killed Sigmund
  4043 | D:6      | Reached skill level 5 in Shields
  4223 | D:7      | Noticed Menkaure
  4229 | D:7      | Killed Menkaure
  4232 | D:7      | Found a shimmering altar of Xom.
  4234 | D:7      | Found a shimmering altar of Xom.
  4235 | D:7      | Found a shimmering altar of Xom.
  4235 | D:7      | Found a shimmering altar of Xom.
  4236 | D:7      | Found a shimmering altar of Xom.
  4683 | D:7      | Reached skill level 11 in Axes
  4683 | D:7      | Reached XP level 9. HP: 48/81 MP: 8/8
  5068 | D:8      | Reached skill level 12 in Axes
  5220 | D:8      | Noticed a two-headed ogre
  5228 | D:8      | Killed a two-headed ogre
  5228 | D:8      | Reached XP level 10. HP: 93/93 MP: 9/9
  5231 | D:8      | Reached skill level 13 in Axes
  5308 | D:8      | Reached skill level 10 in Fighting
  5340 | D:8      | Found Mopnatru's Assorted Antiques.
  5349 | D:8      | Bought a scroll of teleportation for 63 gold pieces
  5402 | D:8      | Found an ornate altar of the Wu Jian Council.
  5423 | D:8      | Noticed a two-headed ogre
  5433 | D:8      | Killed a two-headed ogre
  5608 | D:8      | Reached ***** piety under Trog
  5610 | D:8      | Noticed a rust devil
  5745 | D:8      | Found a white marble altar of Elyvilon.
  5798 | D:9      | Reached skill level 14 in Axes
  5937 | D:9      | Found a staircase to the Lair.
  5953 | D:9      | Reached XP level 11. HP: 93/101 MP: 10/10
  6250 | D:9      | Found an iron altar of Okawaru.
  6304 | D:10     | Entered Level 10 of the Dungeon
  6312 | D:10     | Received a gift from Trog
  6400 | D:10     | Noticed a centaur warrior
  6407 | D:10     | Killed a centaur warrior
  6489 | D:10     | Reached skill level 15 in Axes
  6758 | D:10     | Found a staircase to the Orcish Mines.
  7236 | D:11     | Noticed a red ugly thing
  7242 | D:11     | Killed a red ugly thing
  7242 | D:11     | Reached skill level 10 in Shields
  7258 | D:11     | Found a bloodstained altar of Trog.
  7410 | D:11     | Noticed a green ugly thing
  7417 | D:11     | Killed a green ugly thing
  7683 | Lair:1   | Entered Level 1 of the Lair of Beasts
  7790 | Lair:1   | Reached skill level 16 in Axes
  8068 | Lair:1   | Noticed Fannar
  8080 | Lair:1   | Killed Fannar
  8080 | Lair:1   | Reached XP level 12. HP: 112/112 MP: 11/11
  8646 | Lair:2   | Found a staircase to the Swamp.
  8646 | Lair:2   | Found a hole to the Spider Nest.
  8915 | Lair:2   | Reached skill level 17 in Axes
  9455 | Lair:3   | Found a dark tunnel.
  9595 | Lair:3   | Reached ****** piety under Trog
  9641 | Lair:3   | Received a gift from Trog
  9761 | Lair:3   | Noticed CodeRen's ghost (journeyman KoBe)
  9783 | Lair:3   | Killed CodeRen's ghost
 10078 | Lair:4   | Reached skill level 18 in Axes
 10080 | Lair:4   | Reached XP level 13. HP: 122/122 MP: 12/12
 10269 | Lair:4   | Noticed Nergalle
 10290 | Lair:4   | Killed Nergalle
 10558 | Lair:4   | Noticed Nessos
 10572 | Lair:4   | Noticed Harold
 10573 | Lair:4   | Killed Nessos
 10589 | Lair:4   | Killed Harold
 10823 | Lair:5   | Found a staircase to the Slime Pits.
 10823 | Lair:5   | Found a viscous altar of Jiyva.
 10953 | Lair:5   | Reached skill level 19 in Axes
 11191 | Lair:5   | Received a gift from Trog
 12141 | Lair:6   | Entered Level 6 of the Lair of Beasts
 12276 | Lair:6   | Reached XP level 14. HP: 99/133 MP: 13/13
 13121 | Lair:2   | Reached skill level 20 in Axes
 13127 | Lair:2   | Reached skill level 15 in Fighting
 13166 | Swamp:1  | Entered Level 1 of the Swamp
 13166 | Swamp:1  | Noticed Maxmaps's ghost (adept DsGl)
 13171 | Swamp:1  | Noticed a tentacled monstrosity
 13174 | Swamp:1  | Received a gift from Trog
 13240 | Swamp:1  | Mangled by a deep troll

Vault maps used:
D:1:      erik_arrival_gehennom
D:2:      lemuel_coloured_pillars_altar, lemuel_round_altar,
          kennysheep_jessica_study
D:3:      overflow_temple_1_default, lemuel_crystal_altar,
          grunt_dithmenos_smoke_and_mirrors, portal_sewer_entry_a, first_bread,
          minmay_misc_feat_plants, mrwooster_statue_mirror, grunt_ministairs_5,
          grunt_qazlal_sundering
D:4:      grunt_temple_overflow_champion_of_chaos, nicolae_ossuary_entry_plus,
          fedhas_altar_3
D:5:      serial_shops, shop, nemelex_diamond_rough_becter, uniq_ijyb,
          uniq_crazy_yiuf_cottage
D:6:      temple_doors_e, uniq_edmund, uniq_eustachio, uniq_duvessa,
          uniq_sigmund
D:7:      grunt_livestock, xom_redecorated, uniq_menkaure
D:8:      kennysheep_mini, kennysheep_mini_moat, serial_shops,
          nicolae_shop_overgrown_old_shop, special_room
D:9:      kennysheep_okawaru_gauntlet, due_lair_maze_entry_diamond, st_stairs_5
D:10:     david_orc_2, grunt_ministairs_14, nooodl_food_tri
D:11:     bloody_trog
Lair:1:   cheibrodos_lair_lostbears, uniq_fannar
Lair:2:   minmay_swamp_entry_reptiles, spider_nest_entry_web_field,
          beast_lair_carwin_6
Lair:3:   nicolae_volcano_entry_two_sided, kennysheep_basilisk_garden,
          infiniplex_staircase_pool, serial_bayou_shore_b
Lair:4:   serial_bayou_pond_e, uniq_nessos, uniq_nergalle, uniq_harold
Lair:5:   slime_altar_1
Lair:6:   gammafunk_lair_ancient_temple, uniq_kirke
Swamp:1:  evilmike_swamp_ruin_house_3, swamp_pool2, nicolae_swamp_treefoil

Skill      XL: |  1  2  3  4  5  6  7  8  9 10 11 12 13 14 |
---------------+-------------------------------------------+-----
Axes           | 4 5 6 7 9 11 12 14 16 18 19 20 | 20.1
Fighting       | 4 5 6 7 8 9 10 12 13 14 15 | 15.0
Shields        | 1 3 5 7 9 10 12 13 14 | 14.0
Armour         | |  2.4
Dodging        | |  2.1

Action                   |  1- 3 |  4- 6 |  7- 9 | 10-12 | 13-15 || total
-------------------------+-------+-------+-------+-------+-------++-------
Melee: Hand axe          |    65 |   131 |   112 |       |       ||   308
       Headbutt          |     6 |    24 |    55 |   116 |    94 ||   295
       War axe           |       |       |   112 |   587 |   358 ||  1057
Invok: Berserk           |     1 |     2 |     7 |     8 |     8 ||    26
       Burn Spellbooks   |       |     1 |       |     1 |       ||     2
       Trog's Hand       |       |       |     1 |     3 |     6 ||    10
       Brothers in Arms  |       |       |       |       |     2 ||     2
  Use: Scroll            |       |     2 |    12 |     7 |    14 ||    35
       Potion            |       |       |       |       |     4 ||     4
 Stab: Sleeping          |     1 |       |       |       |       ||     1
  Eat: Chunk             |     1 |     6 |    11 |    21 |    15 ||    54
       Meat ration       |       |       |     1 |       |       ||     1
       Bread ration      |       |       |       |     1 |     2 ||     3
Armor: Animal skin       |     5 |       |       |       |       ||     5
       Scale mail        |    15 |    35 |       |       |       ||    50
       Plate armour      |       |    14 |    67 |   166 |   148 ||   395
Dodge: Dodged            |    38 |    33 |    17 |    55 |    44 ||   187
Block: Large shield      |       |    32 |   195 |   549 |   324 ||  1100
       Reflection        |       |     2 |    10 |    14 |     4 ||    30
